AoeStats
← Froduko

Arabia

510509375Analyzed
1v1 RM · 15h ago on Oct 1, 2026· 27m 35s· 2 players
Game mode
Random Map
Map size
Tiny (2 player)
Population
200
Speed
Normal
Resources
Standard
Victory
Conquest
Starting age
Dark Age
Ending age
Imperial Age
RankedLock teamsTeams togetherTeam positionsShared explorationLock speedFull tech treeHidden civsTurbo modeCheats
Victory
Defeat
🇪🇸 Vietnamese · Spain
914
+17
🇯🇵 Mongols · Japan
942
-17
Froduko
7:12 Loom
10:42 Feudal Age
11:49 Double-Bit Axe
14:02 Town Watch
14:21 Fletching
24:34 Castle Age
22:40 Horse Collar
22:54 Gold Mining
23:28 Padded Archer Armor
24:56 Elite Skirmisher
TangentRain77
10:04 Loom
12:12 Feudal Age
16:15 Castle Age
16:47 Fletching
20:25 Padded Archer Armor
23:59 Double-Bit Axe
Connection lost

Rejoining the realm…

Still unreachable

The connection could not be restored.

Session expired

The server has moved on; the page needs a fresh start.